Bruins vs RedWings

Created - Friday, April 03, 2015 at 01:11

Goals
1 2 3 T
Bruins 4 2 1 7
RedWings 0 1 1 2
Shots
1 2 3 T
Bruins 12 6 13 31
RedWings 5 10 11 26

1st period

1. Bruins , Anze Kopitar 42 (Joe Pavelski) at 2:46
2. Bruins , Marian Hossa 36 (Anze Kopitar) at 3:06
3. Bruins , Marian Hossa 37 (Joe Pavelski) at 8:55
4. Bruins , Troy Brouwer 17 (Shea Weber, Brent Seabrook) at 19:47

Penalties :
Shea Weber (Bos) for Hooking (Minor) at 4:48

2nd period

5. RedWings , Jannik Hansen 24 (Jason Demers) at 4:51
6. Bruins , Claude Giroux 31 (Matt Duchene) at 5:17
7. Bruins , Ryan Smyth 8 (Zemgus Girgensons, Nick Holden) at 8:43

Penalties :
Mike Angelidis (Det) for Holding (Minor) at 2:49, Alexei Emelin (Det) for Holding Stick (Minor) at 5:56

3rd period

8. Bruins , Matt Duchene 48 (Paul Stastny, Troy Brouwer) at 12:06
9. RedWings , Damien Brunner 6 (Zenon Konopka, Jason Demers) at 18:28

Penalties :
Alexei Emelin (Det) for Hooking (Minor) at 0:28, T.J. Oshie (Bos) for Tripping (Minor) at 6:09, Jason Demers (Det) for Tripping (Minor) at 10:01

Goalie Stats

Semyon Varlamov (Bos), 24 saves from 26 shots - (0.923), W, 38-27-6, 60:00 minutes
Jhonas Enroth (Det), 8 saves from 12 shots - (0.667), L, 1-9-1, 19:47 minutes
Jonas Hiller (Det), 16 saves from 19 shots - (0.842), 40:13 minutes

Players Stats for Bruins

Player Name              G  A  P  +/- PIM S  H  SB GA TA FO     MP     PP MP  PK MP  
------------------------------------------------------------------------------------
Anze Kopitar             1  1  2   2  0   5  2  0  2  1  17/22  19:34   4:33   0:00 
Brenden Dillon           0  0  0   0  0   0  1  5  0  0  0/0    13:47   0:00   0:56 
Brent Seabrook           0  1  1   1  0   2  1  1  1  1  0/0    19:13   0:00   3:02 
Claude Giroux            1  0  1   2  0   3  0  0  2  0  6/7    16:35   3:23   0:00 
Joe Pavelski             0  2  2   2  0   4  0  0  2  0  0/0    19:34   4:33   0:00 
Jonas Brodin             0  0  0   4  0   1  2  2  0  4  0/0    21:21   0:00   3:02 
Marian Hossa             2  0  2   2  0   2  0  1  2  0  1/2    19:34   4:33   0:00 
Matt Duchene             1  1  2   2  0   3  2  1  4  0  0/0    16:35   3:23   0:00 
Nate Guenin              0  0  0   1  0   1  0  0  0  0  0/0     7:51   0:00   0:00 
Nick Holden              0  1  1   3  0   0  0  1  1  1  0/0    23:23   1:02   0:00 
Paul Stastny             0  1  1   0  0   1  2  1  2  0  3/7    15:20   3:25   0:00 
Ryan Smyth               1  0  1   1  0   1  0  2  2  0  0/0    10:39   0:00   1:05 
Shea Weber               0  1  1   1  2   2  2  3  3  3  0/0    25:43   6:54   0:56 
T.J. Oshie               0  0  0   0  2   1  2  0  3  1  0/0    22:21   4:31   0:00 
Tom Wilson               0  0  0   1  0   0  0  0  0  0  0/0     1:11   0:00   0:00 
Tommy Wingels            0  0  0   0  0   2  0  1  0  1  0/0    14:39   0:00   2:53 
Troy Brouwer             1  1  2   2  0   2  1  2  1  0  0/0    18:56   3:23   1:05 
Zemgus Girgensons        0  1  1   1  0   1  1  0  0  0  3/8     9:44   0:00   2:53 

Players Stats for RedWings

Player Name              G  A  P  +/- PIM S  H  SB GA TA FO     MP     PP MP  PK MP  
------------------------------------------------------------------------------------
Alexei Emelin            0  0  0  -4  4   0  3  1  2  1  0/0    23:54   2:27   2:15 
Beau Bennett             0  0  0  -2  0   1  1  0  1  0  0/0    10:50   0:00   0:19 
Bryan Bickell            0  0  0   1  0   2  2  0  1  0  0/0    16:14   1:44   1:23 
Chris VandeVelde         0  0  0  -3  0   0  2  0  0  0  1/5    12:05   0:00   0:00 
Damien Brunner           1  0  1   0  0   1  0  0  5  0  0/1    14:25   1:44   0:00 
David Moss               0  0  0  -1  0   1  1  1  0  3  0/0    20:51   2:14   6:14 
Devante Smith-Pelly      0  0  0  -3  0   4  3  0  4  0  0/0    12:05   0:00   0:00 
Jannik Hansen            1  0  1   1  0   3  2  0  2  1  0/3    16:20   2:14   1:23 
Jason Demers             0  2  2  -1  2   6  0  1  1  2  0/0    19:11   1:31   1:16 
Jesse Joensuu            0  0  0  -2  0   3  2  1  1  0  0/0    10:50   0:00   0:19 
John-Michael Liles       0  0  0  -1  0   1  0  1  0  2  0/0    19:57   1:31   2:01 
Johnny Boychuk           0  0  0  -4  0   1  2  3  2  2  0/0    27:35   2:27   5:55 
Justin Abdelkader        0  0  0  -1  0   1  2  0  2  1  8/20   20:51   2:14   6:14 
Mike Angelidis           0  0  0  -1  2   0  1  0  0  1  5/11   10:33   0:00   0:00 
Nick Leddy               0  0  0   0  0   1  0  1  0  0  0/0    12:28   0:00   0:00 
Paul Postma              0  0  0  -1  0   1  0  1  0  2  0/0    17:21   0:00   4:25 
Zac Rinaldo              0  0  0  -3  0   0  2  0  0  0  0/0    12:05   0:00   0:00 
Zenon Konopka            0  1  1   0  0   0  2  0  0  0  2/6    14:25   1:44   0:00 

3 Stars

1 - Marian Hossa (Bos)
2 - Matt Duchene (Bos)
3 - Anze Kopitar (Bos)

Power Play

Bruins - 0 on 4 Attempt(s) - 0.00%
RedWings - 0 on 2 Attempt(s) - 0.00%

Penalty Kill

Bruins - 2 on 2 Attempt(s) - 100.00% - Score 0 goal in Penalty Kill
RedWings - 4 on 4 Attempt(s) - 100.00% - Score 0 goal in Penalty Kill

Team Stat

Bruins - Hits : 16 - Faceoff Wins : 30 - Blocked Shots : 20 - Penalty Minutes : 4
RedWings - Hits : 25 - Faceoff Wins : 16 - Blocked Shots : 10 - Penalty Minutes : 8

Official

Referees : Unknown
Linesman : Unknown

Game Notes

Jonas Hiller enters game at 19:47 of 1st period

Finance

Level 1 -- Attendance: 4385 (73.08%) -- Ticket Income $438,500
Level 2 -- Attendance: 3768 (75.36%) -- Ticket Income $226,080
Level 3 -- Attendance: 1950 (97.50%) -- Ticket Income $58,500
Level 4 -- Attendance: 2789 (69.73%) -- Ticket Income $55,780
Luxury Box -- Attendance: 922 (92.20%) -- Ticket Income $156,740
Game was played at the Joe Louis Arena'
Total Attendance: 13814 (76.74%)
Total Ticket Income: $935,600
Other Income: $458,444
Total Income: $1,394,044

Bruins

5 vs 5 Forward 
   Center                   Left Wing                Right Wing               Time % Phy DF OF 
 1 Anze Kopitar             Joe Pavelski             Marian Hossa             35     1   2  2  
 2 Claude Giroux            Matt Duchene             Troy Brouwer             30     1   2  2  
 3 Paul Stastny             Tommy Wingels            T.J. Oshie               25     1   2  2  
 4 Zemgus Girgensons        Ryan Smyth               T.J. Oshie               10     1   2  2  

5 vs 5 Defense 
   Defense                  Defense                                           Time % Phy DF OF 
 1 Shea Weber               Brent Seabrook                                    40     1   2  2  
 2 Brenden Dillon           Nick Holden                                       30     1   2  2  
 3 Jonas Brodin             Nick Holden                                       25     1   2  2  
 4 Nate Guenin              Jonas Brodin                                      5      1   2  2  

PowerPlay Forward 
   Center                   Left Wing                Right Wing               Time % Phy DF OF 
 1 Anze Kopitar             Joe Pavelski             Marian Hossa             60     1   0  4  
 2 Claude Giroux            Matt Duchene             Troy Brouwer             40     1   0  4  

PowerPlay Defense
   Defense                  Defense                                           Time % Phy DF OF 
 1 Shea Weber               T.J. Oshie                                        60     1   1  3  
 2 Shea Weber               Paul Stastny                                      40     1   1  3  

Penalty Kill 4 Players Forward 
   Center                   Wing                     Time % Phy DF OF 
 1 Zemgus Girgensons        Tommy Wingels            60     1   3  1  
 2 Ryan Smyth               Troy Brouwer             40     1   3  1  

Penalty Kill 4 Players Defense
   Defense                  Defense                  Time % Phy DF OF 
 1 Brent Seabrook           Jonas Brodin             60     1   4  0  
 2 Brenden Dillon           Shea Weber               40     1   4  0  

Penalty Kill - 3 Players Forward 
   Forward                                           Time % Phy DF OF 
 1 Zemgus Girgensons                                 60     1   4  0  
 2 Ryan Smyth                                        40     1   4  0  

Penalty Kill - 3 Players Defense
   Defense                  Defense                  Time % Phy DF OF 
 1 Jonas Brodin             Brent Seabrook           60     1   4  0  
 2 Brenden Dillon           Shea Weber               40     1   4  0  

4 vs 4 Forward 
   Center                   Wing                     Time % Phy DF OF 
 1 Anze Kopitar             Joe Pavelski             60     1   2  2  
 2 Claude Giroux            Matt Duchene             40     1   2  2  

4 vs 4 Defense
   Defense                  Defense                  Time % Phy DF OF 
 1 Shea Weber               Brent Seabrook           60     1   2  2  
 2 Brenden Dillon           Jonas Brodin             40     1   2  2  

Last Minutes Offensive
   Center                   Left Wing                Right Wing               Defense                  Defense                  
   Anze Kopitar             Joe Pavelski             Marian Hossa             Shea Weber               Brent Seabrook           

Last Minutes Defensive
   Center                   Left Wing                Right Wing               Defense                  Defense                  
   Anze Kopitar             Joe Pavelski             Marian Hossa             Shea Weber               Brent Seabrook           

Goaltenders
Starting : Semyon Varlamov          
Backup : Cam Talbot               

Extra Forwards
Normal : T.J. Oshie, Ryan Smyth, Zemgus Girgensons - PP : Paul Stastny, T.J. Oshie - PK : Anze Kopitar
Extra Defensemen
Normal : Brent Seabrook, Jonas Brodin, Nate Guenin - PP : Nick Holden - PK : Nate Guenin, Nick Holden
Penalty Shots
T.J. Oshie, Claude Giroux, Anze Kopitar, Joe Pavelski, Matt Duchene

RedWings

5 vs 5 Forward 
   Center                   Left Wing                Right Wing               Time % Phy DF OF 
 1 Justin Abdelkader        Jannik Hansen            David Moss               30     1   2  2  
 2 Zenon Konopka            Bryan Bickell            Damien Brunner           30     1   2  2  
 3 Chris VandeVelde         Devante Smith-Pelly      Zac Rinaldo              22     1   2  2  
 4 Mike Angelidis           Beau Bennett             Jesse Joensuu            18     1   2  2  

5 vs 5 Defense 
   Defense                  Defense                                           Time % Phy DF OF 
 1 Johnny Boychuk           Alexei Emelin                                     35     1   2  2  
 2 Jason Demers             John-Michael Liles                                30     1   2  2  
 3 Nick Leddy               Paul Postma                                       22     1   2  2  
 4 Johnny Boychuk           Alexei Emelin                                     13     1   2  2  

PowerPlay Forward 
   Center                   Left Wing                Right Wing               Time % Phy DF OF 
 1 Justin Abdelkader        Jannik Hansen            David Moss               60     1   2  2  
 2 Zenon Konopka            Bryan Bickell            Damien Brunner           40     1   2  2  

PowerPlay Defense
   Defense                  Defense                                           Time % Phy DF OF 
 1 Johnny Boychuk           Alexei Emelin                                     60     1   2  2  
 2 Jason Demers             John-Michael Liles                                40     1   2  2  

Penalty Kill 4 Players Forward 
   Center                   Wing                     Time % Phy DF OF 
 1 Justin Abdelkader        David Moss               60     1   2  2  
 2 Jannik Hansen            Bryan Bickell            40     1   2  2  

Penalty Kill 4 Players Defense
   Defense                  Defense                  Time % Phy DF OF 
 1 Johnny Boychuk           Alexei Emelin            60     1   2  2  
 2 Jason Demers             John-Michael Liles       40     1   2  2  

Penalty Kill - 3 Players Forward 
   Forward                                           Time % Phy DF OF 
 1 Justin Abdelkader                                 60     1   2  2  
 2 David Moss                                        40     1   2  2  

Penalty Kill - 3 Players Defense
   Defense                  Defense                  Time % Phy DF OF 
 1 Johnny Boychuk           Alexei Emelin            60     1   2  2  
 2 Jason Demers             John-Michael Liles       40     1   2  2  

4 vs 4 Forward 
   Center                   Wing                     Time % Phy DF OF 
 1 Justin Abdelkader        David Moss               60     1   2  2  
 2 Jannik Hansen            Bryan Bickell            40     1   2  2  

4 vs 4 Defense
   Defense                  Defense                  Time % Phy DF OF 
 1 Johnny Boychuk           Alexei Emelin            60     1   2  2  
 2 Jason Demers             John-Michael Liles       40     1   2  2  

Last Minutes Offensive
   Center                   Left Wing                Right Wing               Defense                  Defense                  
   Justin Abdelkader        Jannik Hansen            David Moss               Johnny Boychuk           Alexei Emelin            

Last Minutes Defensive
   Center                   Left Wing                Right Wing               Defense                  Defense                  
   Justin Abdelkader        Jannik Hansen            David Moss               Johnny Boychuk           Alexei Emelin            

Goaltenders
Starting : Jhonas Enroth            
Backup : Jonas Hiller             

Extra Forwards
Normal : Devante Smith-Pelly, Zac Rinaldo, Beau Bennett - PP : Devante Smith-Pelly, Zac Rinaldo - PK : Beau Bennett
Extra Defensemen
Normal : Nick Leddy, Paul Postma, Jason Demers - PP : Nick Leddy - PK : Paul Postma, Jason Demers
Penalty Shots
Justin Abdelkader, David Moss, Jannik Hansen, Bryan Bickell, Damien Brunner

% Time on Ice - Bruins

Lines # - Real PCT - Wanted PCT - Time Play
Normal Forward
1 - 31% - 35% - 15:01
2 - 30% - 30% - 14:28
3 - 24% - 25% - 11:46
4 - 14% - 10% - 6:51
Normal Defense
1 - 35% - 40% - 16:52
2 - 27% - 30% - 13:00
3 - 22% - 25% - 10:23
4 - 16% - 5% - 7:51
PP Forward
1 - 57% - 60% - 4:33
2 - 43% - 40% - 3:23
PP Defense
1 - 57% - 60% - 4:31
2 - 43% - 40% - 3:25
PK Forward
1 - 73% - 60% - 2:53
2 - 27% - 40% - 1:05
PK Defense
1 - 76% - 60% - 3:02
2 - 24% - 40% - 0:56
PK3 Forward
1 - 0% - 60%
2 - 0% - 40%
PK3 Defense
1 - 0% - 60%
2 - 0% - 40%
44 Forward
1 - 0% - 60%
2 - 0% - 40%
44 Defense
1 - 0% - 60%
2 - 0% - 40%
Last Minute Offensive  - 0:00
Last Minute Defensive  - 0:00
Total
Forward - 60:00
Defense - 60:00

% Time on Ice - RedWings

Lines # - Real PCT - Wanted PCT - Time Play
Normal Forward
1 - 26% - 30% - 12:23
2 - 27% - 30% - 13:07
3 - 25% - 22% - 12:05
4 - 22% - 18% - 10:31
Normal Defense
1 - 34% - 35% - 16:10
2 - 34% - 30% - 16:25
3 - 26% - 22% - 12:28
4 - 6% - 13% - 3:03
PP Forward
1 - 56% - 60% - 2:14
2 - 44% - 40% - 1:44
PP Defense
1 - 62% - 60% - 2:27
2 - 38% - 40% - 1:31
PK Forward
1 - 83% - 60% - 6:33
2 - 17% - 40% - 1:23
PK Defense
1 - 75% - 60% - 5:55
2 - 25% - 40% - 2:01
PK3 Forward
1 - 0% - 60%
2 - 0% - 40%
PK3 Defense
1 - 0% - 60%
2 - 0% - 40%
44 Forward
1 - 0% - 60%
2 - 0% - 40%
44 Defense
1 - 0% - 60%
2 - 0% - 40%
Last Minute Offensive  - 0:00
Last Minute Defensive  - 0:00
Total
Forward - 60:00
Defense - 60:00

Play by Play

1st period


0:01 of 1st period - Marian Hossa wins face-off versus Justin Abdelkader in neutral zone.
0:58 of 1st period - Snap shot by John-Michael Liles.
0:58 of 1st period - Shot Misses the Net.
1:02 of 1st period - Slapshot by John-Michael Liles.
1:02 of 1st period - Stopped by Semyon Varlamov with a rebound.
1:04 of 1st period - Snap shot by Jason Demers.
1:04 of 1st period - Stopped by Semyon Varlamov without a rebound.
1:05 of 1st period - Paul Stastny wins face-off versus Zenon Konopka in Bruins zone.
1:36 of 1st period - Slapshot by John-Michael Liles.
1:36 of 1st period - Shot Blocked by Brenden Dillon.
2:38 of 1st period - Slapshot by Nick Leddy.
2:38 of 1st period - Stopped by Semyon Varlamov without a rebound.
2:39 of 1st period - Anze Kopitar wins face-off versus Mike Angelidis in Bruins zone.
2:46 of 1st period - Snap shot by Anze Kopitar.
2:46 of 1st period - Goal by Anze Kopitar - Bruins : 1 - RedWings : 0.
2:47 of 1st period - Anze Kopitar wins face-off versus Mike Angelidis in neutral zone.
2:56 of 1st period - Slapshot by Anze Kopitar.
2:56 of 1st period - Stopped by Jhonas Enroth with a rebound.
3:06 of 1st period - Snap shot by Marian Hossa.
3:06 of 1st period - Goal by Marian Hossa - Bruins : 2 - RedWings : 0.
3:07 of 1st period - Zemgus Girgensons wins face-off versus Justin Abdelkader in neutral zone.
3:12 of 1st period - Snap shot by T.J. Oshie.
3:12 of 1st period - Shot Blocked by Alexei Emelin.
4:43 of 1st period - Wrist shot by Anze Kopitar.
4:43 of 1st period - Shot Misses the Net.
4:48 of 1st period - Minor Penalty to Shea Weber for Hooking.
4:49 of 1st period - Justin Abdelkader wins face-off versus Zemgus Girgensons in Bruins zone.
4:49 of 1st period - Slapshot by Jason Demers.
4:49 of 1st period - Stopped by Semyon Varlamov with a rebound.
4:51 of 1st period - Slapshot by John-Michael Liles.
4:51 of 1st period - Shot Blocked by Jonas Brodin.
4:53 of 1st period - Snap shot by David Moss.
4:53 of 1st period - Shot Misses the Net.
4:55 of 1st period - Slapshot by Jason Demers.
4:55 of 1st period - Stopped by Semyon Varlamov without a rebound.
4:56 of 1st period - Zemgus Girgensons wins face-off versus Justin Abdelkader in Bruins zone.
5:08 of 1st period - Off-side.
5:09 of 1st period - Justin Abdelkader wins face-off versus Zemgus Girgensons in neutral zone.
5:40 of 1st period - Brent Seabrook is hit by Jannik Hansen and loses puck.
6:48 of 1st period - Penalty to Shea Weber is over, Shea Weber is back on ice.
7:07 of 1st period - Joe Pavelski is hit by Zenon Konopka and loses puck.
8:02 of 1st period - Slapshot by Shea Weber.
8:02 of 1st period - Stopped by Jhonas Enroth with a rebound.
8:19 of 1st period - Jonas Brodin is hit by Zac Rinaldo and loses puck.
8:42 of 1st period - Brenden Dillon is hit by Chris VandeVelde and loses puck.
8:55 of 1st period - Slapshot by Marian Hossa.
8:55 of 1st period - Goal by Marian Hossa - Bruins : 3 - RedWings : 0.
8:56 of 1st period - Justin Abdelkader wins face-off versus Anze Kopitar in neutral zone.
9:12 of 1st period - Off-side.
9:13 of 1st period - Anze Kopitar wins face-off versus Justin Abdelkader in neutral zone.
9:37 of 1st period - Wrist shot by Anze Kopitar.
9:37 of 1st period - Stopped by Jhonas Enroth with a rebound.
9:39 of 1st period - Wrist shot by Shea Weber.
9:39 of 1st period - Shot Misses the Net.
9:41 of 1st period - Snap shot by Brent Seabrook.
9:41 of 1st period - Stopped by Jhonas Enroth with a rebound.
9:43 of 1st period - Wrist shot by Marian Hossa.
9:43 of 1st period - Shot Misses the Net.
10:08 of 1st period - Wrist shot by T.J. Oshie.
10:08 of 1st period - Shot Misses the Net.
10:40 of 1st period - Wrist shot by Matt Duchene.
10:40 of 1st period - Stopped by Jhonas Enroth with a rebound.
10:50 of 1st period - Snap shot by Matt Duchene.
10:50 of 1st period - Shot Misses the Net.
11:49 of 1st period - Jason Demers is hit by Brenden Dillon and loses puck.
12:04 of 1st period - Slapshot by Devante Smith-Pelly.
12:04 of 1st period - Shot Misses the Net.
12:16 of 1st period - Troy Brouwer is hit by Devante Smith-Pelly and loses puck.
12:44 of 1st period - John-Michael Liles is hit by T.J. Oshie and loses puck.
12:53 of 1st period - Wrist shot by Jason Demers.
12:53 of 1st period - Shot Misses the Net.
12:55 of 1st period - Slapshot by John-Michael Liles.
12:55 of 1st period - Deflect By Beau Bennett.
12:55 of 1st period - Shot Misses the Net.
12:55 of 1st period - Puck is out of play.
12:56 of 1st period - Mike Angelidis wins face-off versus Marian Hossa in Bruins zone.
13:10 of 1st period - Slapshot by Anze Kopitar.
13:10 of 1st period - Shot Blocked by Jesse Joensuu.
14:45 of 1st period - Snap shot by Claude Giroux.
14:45 of 1st period - Shot Misses the Net.
14:47 of 1st period - Snap shot by Shea Weber.
14:47 of 1st period - Stopped by Jhonas Enroth with a rebound.
15:05 of 1st period - Paul Postma is hit by Anze Kopitar and loses puck.
15:29 of 1st period - Snap shot by Beau Bennett.
15:29 of 1st period - Shot Blocked by Brent Seabrook.
18:37 of 1st period - John-Michael Liles is hit by Shea Weber and loses puck.
19:41 of 1st period - Snap shot by Matt Duchene.
19:41 of 1st period - Stopped by Jhonas Enroth with a rebound.
19:43 of 1st period - Slapshot by Troy Brouwer.
19:43 of 1st period - Stopped by Jhonas Enroth with a rebound.
19:45 of 1st period - Snap shot by Brent Seabrook.
19:45 of 1st period - Shot Blocked by Johnny Boychuk.
19:47 of 1st period - Backhand shot by Shea Weber.
19:47 of 1st period - Deflect By Troy Brouwer.
19:47 of 1st period - Goal by Troy Brouwer - Bruins : 4 - RedWings : 0.
19:47 of 1st period - Jonas Hiller enters game.
19:48 of 1st period - Mike Angelidis wins face-off versus Paul Stastny in neutral zone.
Goals for this period are 4 for Bruins vs 0 for RedWings.
Shots for this period are 12 for Bruins vs 5 for RedWings.

2nd period


0:01 of 2nd period - Anze Kopitar wins face-off versus Justin Abdelkader in neutral zone.
0:40 of 2nd period - David Moss is hit by Jonas Brodin and loses puck.
1:32 of 2nd period - Brent Seabrook is hit by Bryan Bickell and loses puck.
1:44 of 2nd period - Damien Brunner is hit by Brent Seabrook and loses puck.
1:51 of 2nd period - Snap shot by Claude Giroux.
1:51 of 2nd period - Deflect By Jason Demers.
1:51 of 2nd period - Shot Blocked by John-Michael Liles.
1:51 of 2nd period - Puck is out of play.
1:52 of 2nd period - Chris VandeVelde wins face-off versus Zemgus Girgensons in RedWings zone.
2:13 of 2nd period - Slapshot by Devante Smith-Pelly.
2:13 of 2nd period - Stopped by Semyon Varlamov without a rebound.
2:14 of 2nd period - Anze Kopitar wins face-off versus Mike Angelidis in Bruins zone.
2:49 of 2nd period - Minor Penalty to Mike Angelidis for Holding.
2:50 of 2nd period - Claude Giroux wins face-off versus Justin Abdelkader in RedWings zone.
3:14 of 2nd period - Wrist shot by Claude Giroux.
3:14 of 2nd period - Shot Misses the Net.
3:44 of 2nd period - Shea Weber is hit by Alexei Emelin and loses puck.
3:55 of 2nd period - Snap shot by Justin Abdelkader.
3:55 of 2nd period - Stopped by Semyon Varlamov without a rebound.
3:56 of 2nd period - Anze Kopitar wins face-off versus Justin Abdelkader in Bruins zone.
4:20 of 2nd period - Slapshot by Bryan Bickell.
4:20 of 2nd period - Stopped by Semyon Varlamov with a rebound.
4:22 of 2nd period - Slapshot by Jason Demers.
4:22 of 2nd period - Stopped by Semyon Varlamov with a rebound.
4:24 of 2nd period - Slapshot by John-Michael Liles.
4:24 of 2nd period - Shot Blocked by Marian Hossa.
4:26 of 2nd period - Slapshot by Jason Demers.
4:26 of 2nd period - Shot Blocked by Shea Weber.
4:49 of 2nd period - Penalty to Mike Angelidis is over, Mike Angelidis is back on ice.
4:49 of 2nd period - Snap shot by Jannik Hansen.
4:49 of 2nd period - Stopped by Semyon Varlamov with a rebound.
4:51 of 2nd period - Slapshot by Jannik Hansen.
4:51 of 2nd period - Goal by Jannik Hansen - Bruins : 4 - RedWings : 1.
4:52 of 2nd period - Claude Giroux wins face-off versus Chris VandeVelde in neutral zone.
5:17 of 2nd period - Snap shot by Claude Giroux.
5:17 of 2nd period - Goal by Claude Giroux - Bruins : 5 - RedWings : 1.
5:18 of 2nd period - Paul Stastny wins face-off versus Zenon Konopka in neutral zone.
5:47 of 2nd period - Paul Stastny is hit by Alexei Emelin.
5:56 of 2nd period - Minor Penalty to Alexei Emelin for Holding Stick.
5:57 of 2nd period - Anze Kopitar wins face-off versus Justin Abdelkader in RedWings zone.
7:01 of 2nd period - Paul Postma is hit by Shea Weber and loses puck.
7:49 of 2nd period - Johnny Boychuk is hit by Matt Duchene and loses puck.
7:56 of 2nd period - Penalty to Alexei Emelin is over, Alexei Emelin is back on ice.
8:12 of 2nd period - Tom Wilson is hit by Johnny Boychuk and loses puck.
8:20 of 2nd period - Slapshot by Damien Brunner.
8:20 of 2nd period - Shot Misses the Net.
8:43 of 2nd period - Snap shot by Ryan Smyth.
8:43 of 2nd period - Goal by Ryan Smyth - Bruins : 6 - RedWings : 1.
8:44 of 2nd period - Anze Kopitar wins face-off versus Chris VandeVelde in neutral zone.
9:37 of 2nd period - Shea Weber is hit by Jesse Joensuu.
9:46 of 2nd period - Snap shot by Jesse Joensuu.
9:46 of 2nd period - Stopped by Semyon Varlamov with a rebound.
10:06 of 2nd period - Slapshot by Jesse Joensuu.
10:06 of 2nd period - Stopped by Semyon Varlamov with a rebound.
10:39 of 2nd period - Nate Guenin is hit by Johnny Boychuk and loses puck.
11:12 of 2nd period - Snap shot by Justin Abdelkader.
11:12 of 2nd period - Shot Blocked by Troy Brouwer.
11:14 of 2nd period - Slapshot by David Moss.
11:14 of 2nd period - Shot Misses the Net.
11:32 of 2nd period - Zemgus Girgensons is hit by Devante Smith-Pelly and loses puck.
12:13 of 2nd period - Wrist shot by Joe Pavelski.
12:13 of 2nd period - Stopped by Jonas Hiller with a rebound.
12:19 of 2nd period - Joe Pavelski is hit by Mike Angelidis and loses puck.
13:28 of 2nd period - Snap shot by Jannik Hansen.
13:28 of 2nd period - Stopped by Semyon Varlamov without a rebound.
13:29 of 2nd period - Anze Kopitar wins face-off versus Mike Angelidis in Bruins zone.
13:33 of 2nd period - Off-side.
13:34 of 2nd period - Anze Kopitar wins face-off versus Mike Angelidis in neutral zone.
13:45 of 2nd period - Wrist shot by Joe Pavelski.
13:45 of 2nd period - Stopped by Jonas Hiller without a rebound.
13:46 of 2nd period - Mike Angelidis wins face-off versus Anze Kopitar in RedWings zone.
14:27 of 2nd period - Matt Duchene is hit by Chris VandeVelde and loses puck.
14:40 of 2nd period - Slapshot by Devante Smith-Pelly.
14:40 of 2nd period - Stopped by Semyon Varlamov with a rebound.
14:54 of 2nd period - Johnny Boychuk is hit by Troy Brouwer and loses puck.
15:29 of 2nd period - Snap shot by T.J. Oshie.
15:29 of 2nd period - Stopped by Jonas Hiller with a rebound.
15:31 of 2nd period - Snap shot by Paul Stastny.
15:31 of 2nd period - Shot Blocked by Paul Postma.
15:33 of 2nd period - Wrist shot by Paul Stastny.
15:33 of 2nd period - Stopped by Jonas Hiller with a rebound.
16:11 of 2nd period - Jason Demers is hit by Anze Kopitar and loses puck.
16:32 of 2nd period - Shea Weber is hit by Bryan Bickell and loses puck.
17:36 of 2nd period - Wrist shot by Justin Abdelkader.
17:36 of 2nd period - Shot Misses the Net.
17:59 of 2nd period - Troy Brouwer is hit by Devante Smith-Pelly.
19:35 of 2nd period - Devante Smith-Pelly is hit by Paul Stastny and loses puck.
19:44 of 2nd period - Ryan Smyth is hit by Zac Rinaldo and loses puck.
Goals for this period are 2 for Bruins vs 1 for RedWings.
Shots for this period are 6 for Bruins vs 10 for RedWings.

3rd period


0:01 of 3rd period - Justin Abdelkader wins face-off versus Anze Kopitar in neutral zone.
0:13 of 3rd period - Slapshot by David Moss.
0:13 of 3rd period - Stopped by Semyon Varlamov without a rebound.
0:14 of 3rd period - Anze Kopitar wins face-off versus Jannik Hansen in Bruins zone.
0:28 of 3rd period - Minor Penalty to Alexei Emelin for Hooking.
0:29 of 3rd period - Justin Abdelkader wins face-off versus Anze Kopitar in RedWings zone.
0:52 of 3rd period - Snap shot by Joe Pavelski.
0:52 of 3rd period - Stopped by Jonas Hiller without a rebound.
0:53 of 3rd period - Justin Abdelkader wins face-off versus Claude Giroux in RedWings zone.
1:01 of 3rd period - Off-side.
1:02 of 3rd period - Claude Giroux wins face-off versus Justin Abdelkader in neutral zone.
1:09 of 3rd period - Johnny Boychuk is hit by T.J. Oshie and loses puck.
1:22 of 3rd period - David Moss is hit by Matt Duchene and loses puck.
1:39 of 3rd period - Slapshot by David Moss.
1:39 of 3rd period - Shot Blocked by Troy Brouwer.
2:09 of 3rd period - Slapshot by Marian Hossa.
2:09 of 3rd period - Deflect By Anze Kopitar.
2:09 of 3rd period - Shot Blocked by Johnny Boychuk.
2:09 of 3rd period - Puck is out of play.
2:10 of 3rd period - Anze Kopitar wins face-off versus Jannik Hansen in RedWings zone.
2:27 of 3rd period - Snap shot by Anze Kopitar.
2:27 of 3rd period - Shot Misses the Net.
2:28 of 3rd period - Penalty to Alexei Emelin is over, Alexei Emelin is back on ice.
2:33 of 3rd period - Snap shot by Bryan Bickell.
2:33 of 3rd period - Shot Misses the Net.
2:35 of 3rd period - Slapshot by Alexei Emelin.
2:35 of 3rd period - Shot Misses the Net.
2:48 of 3rd period - Snap shot by Alexei Emelin.
2:48 of 3rd period - Shot Misses the Net.
2:50 of 3rd period - Slapshot by Jason Demers.
2:50 of 3rd period - Stopped by Semyon Varlamov without a rebound.
2:51 of 3rd period - Claude Giroux wins face-off versus Chris VandeVelde in Bruins zone.
3:36 of 3rd period - Slapshot by T.J. Oshie.
3:36 of 3rd period - Shot Misses the Net.
3:38 of 3rd period - Slapshot by Paul Stastny.
3:38 of 3rd period - Shot Misses the Net.
3:40 of 3rd period - Wrist shot by Tommy Wingels.
3:40 of 3rd period - Stopped by Jonas Hiller with a rebound.
3:42 of 3rd period - Wrist shot by Tommy Wingels.
3:42 of 3rd period - Stopped by Jonas Hiller with a rebound.
3:44 of 3rd period - Slapshot by Brenden Dillon.
3:44 of 3rd period - Deflect By T.J. Oshie.
3:44 of 3rd period - Shot Blocked by Nick Leddy.
3:44 of 3rd period - Puck is out of play.
3:45 of 3rd period - Mike Angelidis wins face-off versus Paul Stastny in RedWings zone.
4:12 of 3rd period - Snap shot by Jesse Joensuu.
4:12 of 3rd period - Stopped by Semyon Varlamov with a rebound.
4:14 of 3rd period - Wrist shot by Johnny Boychuk.
4:14 of 3rd period - Deflect By Beau Bennett.
4:14 of 3rd period - Shot Blocked by Tommy Wingels.
4:14 of 3rd period - Puck is out of play.
4:15 of 3rd period - Anze Kopitar wins face-off versus Damien Brunner in Bruins zone.
4:44 of 3rd period - Slapshot by Anze Kopitar.
4:44 of 3rd period - Shot Misses the Net.
5:08 of 3rd period - David Moss is hit by Jonas Brodin and loses puck.
5:21 of 3rd period - Troy Brouwer is hit by Jannik Hansen and loses puck.
5:54 of 3rd period - Snap shot by Beau Bennett.
5:54 of 3rd period - Shot Misses the Net.
5:56 of 3rd period - Snap shot by Beau Bennett.
5:56 of 3rd period - Stopped by Semyon Varlamov with a rebound.
5:58 of 3rd period - Wrist shot by Johnny Boychuk.
5:58 of 3rd period - Stopped by Semyon Varlamov without a rebound.
5:59 of 3rd period - Mike Angelidis wins face-off versus Paul Stastny in Bruins zone.
6:09 of 3rd period - Minor Penalty to T.J. Oshie for Tripping.
6:10 of 3rd period - Zenon Konopka wins face-off versus Zemgus Girgensons in Bruins zone.
6:33 of 3rd period - Wrist shot by Alexei Emelin.
6:33 of 3rd period - Deflect By Damien Brunner.
6:33 of 3rd period - Shot Blocked by Jonas Brodin.
6:33 of 3rd period - Puck is out of play.
6:34 of 3rd period - Justin Abdelkader wins face-off versus Zemgus Girgensons in Bruins zone.
7:13 of 3rd period - Wrist shot by Zemgus Girgensons.
7:13 of 3rd period - Shot Blocked by David Moss.
7:23 of 3rd period - Alexei Emelin is hit by Zemgus Girgensons and loses puck.
7:40 of 3rd period - Snap shot by Shea Weber.
7:40 of 3rd period - Shot Blocked by Johnny Boychuk.
7:46 of 3rd period - Brenden Dillon is hit by Alexei Emelin and loses puck.
8:09 of 3rd period - Penalty to T.J. Oshie is over, T.J. Oshie is back on ice.
8:59 of 3rd period - Snap shot by Beau Bennett.
8:59 of 3rd period - Shot Blocked by Brenden Dillon.
9:01 of 3rd period - Slapshot by Nick Leddy.
9:01 of 3rd period - Shot Blocked by Brenden Dillon.
9:03 of 3rd period - Wrist shot by Beau Bennett.
9:03 of 3rd period - Shot Blocked by Ryan Smyth.
9:11 of 3rd period - Slapshot by Nick Leddy.
9:11 of 3rd period - Shot Blocked by Brenden Dillon.
9:13 of 3rd period - Snap shot by Nick Leddy.
9:13 of 3rd period - Shot Blocked by Brenden Dillon.
9:15 of 3rd period - Slapshot by Jason Demers.
9:15 of 3rd period - Shot Blocked by Ryan Smyth.
9:17 of 3rd period - Snap shot by John-Michael Liles.
9:17 of 3rd period - Shot Misses the Net.
9:19 of 3rd period - Slapshot by Jason Demers.
9:19 of 3rd period - Stopped by Semyon Varlamov without a rebound.
9:20 of 3rd period - Anze Kopitar wins face-off versus Zenon Konopka in Bruins zone.
9:29 of 3rd period - Wrist shot by Anze Kopitar.
9:29 of 3rd period - Shot Blocked by Jason Demers.
9:31 of 3rd period - Slapshot by Jonas Brodin.
9:31 of 3rd period - Shot Hit the Post.
10:01 of 3rd period - Minor Penalty to Jason Demers for Tripping.
10:02 of 3rd period - Claude Giroux wins face-off versus Justin Abdelkader in RedWings zone.
10:18 of 3rd period - Backhand shot by Matt Duchene.
10:18 of 3rd period - Shot Misses the Net.
10:28 of 3rd period - Alexei Emelin is hit by Paul Stastny and loses puck.
10:37 of 3rd period - Slapshot by John-Michael Liles.
10:37 of 3rd period - Shot Blocked by Matt Duchene.
10:39 of 3rd period - Slapshot by John-Michael Liles.
10:39 of 3rd period - Shot Blocked by Paul Stastny.
10:59 of 3rd period - Wrist shot by Joe Pavelski.
10:59 of 3rd period - Stopped by Jonas Hiller with a rebound.
11:01 of 3rd period - Wrist shot by Anze Kopitar.
11:01 of 3rd period - Stopped by Jonas Hiller without a rebound.
11:02 of 3rd period - Justin Abdelkader wins face-off versus Anze Kopitar in RedWings zone.
11:47 of 3rd period - Snap shot by Bryan Bickell.
11:47 of 3rd period - Stopped by Semyon Varlamov without a rebound.
11:48 of 3rd period - Anze Kopitar wins face-off versus Jannik Hansen in Bruins zone.
12:01 of 3rd period - Penalty to Jason Demers is over, Jason Demers is back on ice.
12:06 of 3rd period - Wrist shot by Matt Duchene.
12:06 of 3rd period - Goal by Matt Duchene - Bruins : 7 - RedWings : 1.
12:07 of 3rd period - Zenon Konopka wins face-off versus Paul Stastny in neutral zone.
13:08 of 3rd period - Slapshot by Nick Leddy.
13:08 of 3rd period - Shot Blocked by Nick Holden.
13:10 of 3rd period - Backhand shot by Paul Postma.
13:10 of 3rd period - Stopped by Semyon Varlamov with a rebound.
13:12 of 3rd period - Slapshot by Devante Smith-Pelly.
13:12 of 3rd period - Stopped by Semyon Varlamov without a rebound.
13:13 of 3rd period - Anze Kopitar wins face-off versus Mike Angelidis in Bruins zone.
13:26 of 3rd period - Slapshot by Anze Kopitar.
13:26 of 3rd period - Stopped by Jonas Hiller with a rebound.
13:28 of 3rd period - Slapshot by Brent Seabrook.
13:28 of 3rd period - Stopped by Jonas Hiller with a rebound.
13:44 of 3rd period - Joe Pavelski is hit by Beau Bennett and loses puck.
13:55 of 3rd period - Brent Seabrook is hit by Jesse Joensuu and loses puck.
14:26 of 3rd period - Slapshot by Claude Giroux.
14:26 of 3rd period - Stopped by Jonas Hiller without a rebound.
14:27 of 3rd period - Zemgus Girgensons wins face-off versus Justin Abdelkader in RedWings zone.
14:44 of 3rd period - Wrist shot by Ryan Smyth.
14:44 of 3rd period - Shot Misses the Net.
14:46 of 3rd period - Snap shot by Jonas Brodin.
14:46 of 3rd period - Stopped by Jonas Hiller with a rebound.
14:48 of 3rd period - Wrist shot by Zemgus Girgensons.
14:48 of 3rd period - Stopped by Jonas Hiller with a rebound.
14:50 of 3rd period - Snap shot by Nate Guenin.
14:50 of 3rd period - Shot Misses the Net.
14:52 of 3rd period - Slapshot by Nate Guenin.
14:52 of 3rd period - Stopped by Jonas Hiller with a rebound.
14:54 of 3rd period - Snap shot by Zemgus Girgensons.
14:54 of 3rd period - Shot Misses the Net.
15:22 of 3rd period - Icing by John-Michael Liles.
15:23 of 3rd period - Anze Kopitar wins face-off versus Zenon Konopka in RedWings zone.
15:46 of 3rd period - Wrist shot by Damien Brunner.
15:46 of 3rd period - Shot Misses the Net.
15:48 of 3rd period - Slapshot by Jason Demers.
15:48 of 3rd period - Shot Blocked by Shea Weber.
15:50 of 3rd period - Slapshot by John-Michael Liles.
15:50 of 3rd period - Shot Misses the Net.
16:24 of 3rd period - Snap shot by Chris VandeVelde.
16:24 of 3rd period - Shot Blocked by Shea Weber.
16:34 of 3rd period - Wrist shot by Devante Smith-Pelly.
16:34 of 3rd period - Deflect By Joe Pavelski.
16:34 of 3rd period - Stopped by Semyon Varlamov with a rebound.
17:20 of 3rd period - Snap shot by Claude Giroux.
17:20 of 3rd period - Stopped by Jonas Hiller without a rebound.
17:21 of 3rd period - Paul Stastny wins face-off versus Justin Abdelkader in RedWings zone.
17:52 of 3rd period - Jonas Brodin is hit by Justin Abdelkader and loses puck.
18:17 of 3rd period - Shea Weber is hit by Zenon Konopka and loses puck.
18:26 of 3rd period - Snap shot by Damien Brunner.
18:26 of 3rd period - Shot Misses the Net.
18:28 of 3rd period - Slapshot by Zenon Konopka.
18:28 of 3rd period - Deflect By Damien Brunner.
18:28 of 3rd period - Goal by Damien Brunner - Bruins : 7 - RedWings : 2.
18:29 of 3rd period - Claude Giroux wins face-off versus Chris VandeVelde in neutral zone.
19:17 of 3rd period - Ryan Smyth is hit by David Moss and loses puck.
19:42 of 3rd period - Zemgus Girgensons is hit by Justin Abdelkader.
Goals for this period are 1 for Bruins vs 1 for RedWings.
Shots for this period are 13 for Bruins vs 11 for RedWings.


Output by the SimonT Hockey Simulator (STHS) for Eric Dolegowski -- Original Page W3C XHTML 1.0 Valid
Hockey Simulator - Hockey Simulation - Hockey Manager